 Dungeon Crawl Stone Soup version 0.32-a0-898-g7811c86cf0 (webtiles) character file.

Game seed: 2994186736516057812

1053 GiantSquids the Cleaver (level 8, -2/63 HPs)
             Began as a Mountain Dwarf Fighter on Apr 4, 2024.
             Was an Initiate of Gozag.
             Slain by a two-headed ogre
             ... wielding a +0 giant club
              (15 damage)
             ... on level 5 of the Dungeon.
             The game lasted 00:11:34 (5294 turns).

GiantSquids the Cleaver (Mountain Dwarf Fighter)    Turns: 5294, Time: 00:11:35

Health: -2/63      AC: 12    Str: 20    XL:     8   Next: 5%
Magic:  8/8        EV:  8    Int: 10    God:    Gozag
Gold:   1184       SH:  4    Dex:  9    Spells: 7/7 levels left

rFire   . . .        a - +0 war axe
rCold   . . .        c - +0 buckler
rNeg    . . .        b - +0 scale mail
rPois   .            l - +0 helmet
rElec   .            s - +2 cloak
rCorr   .            (no gloves)
SInv    .            p - +0 pair of boots
Will    .....        (no amulet) Stlth
                     (no ring)
HPRegen 0.30/turn    (no ring)
MPRegen 0.11/turn

%: no passive effects
@: no status effects
A: runic magic, artefact enchanting
a: Renounce Religion, Potion Petition, Call Merchant, Bribe Branch


You were on level 5 of the Dungeon.
You worshipped Gozag.
Gozag was most pleased with you.
You visited 1 branch of the dungeon, and saw 5 of its levels.
You also visited: Sewer.

You collected 1404 gold pieces.
You paid 220 gold pieces to Gozag.

Inventory:

Hand Weapons
 a - a +0 war axe (weapon)
Armour
 b - a +0 scale mail (worn)
 c - a +0 buckler (worn)
 l - a +0 helmet (worn)
 p - a +0 pair of boots (worn)
 s - a +2 cloak (worn)
Jewellery
 f - the ring "Iweenuj" {Fly rPois rC+ rN+ Str-2 Int+3}
   (You found it on level 2 of the Dungeon)

   [ring of flight]

   Str-2:     It affects your strength (-2).
   Int+3:     It affects your intelligence (+3).
   rC+:       It protects you from cold.
   rPois:     It protects you from poison.
   rN+:       It protects you from negative energy.
   Fly:       It grants you flight.
Wands
 j - a wand of charming (10)
 m - a wand of roots (2)
Scrolls
 e - 6 scrolls of identify {unknown}
 g - a scroll of fear {unknown}
 h - a scroll of enchant armour {unknown}
 i - a scroll of revelation {unknown}
 k - a scroll of immolation {unknown}
 n - 2 scrolls of butterflies {unknown}
 o - a scroll of fog {unknown}
Potions
 d - a potion of might
 q - 2 potions of curing
 r - a potion of enlightenment {unknown}
 t - a potion of cancellation {unknown}
 u - a potion of degeneration {unknown}


   Skills:
 - Level 3.2 Fighting
 + Level 11.4 Axes
 - Level 3.2 Armour
 - Level 3.2 Shields


You had 7 spell levels left.
You didn't know any spells.
Your spell library contained the following spells:

 Spells                   Type           Power      Damage    Failure   Level
 Blink                    Tloc           0%         N/A       67%         2
 Ensorcelled Hibernation  Hex/Ice        0%         N/A       67%         2
 Lesser Beckoning         Tloc           0%         N/A       67%         2
 Momentum Strike          Conj/Tloc      0%         3d8       67%         2
 Call Canine Familiar     Summ           0%         N/A       88%         3
 Passwall                 Erth           0%         N/A       88%         3
 Sigil of Binding         Hex            0%         N/A       88%         3
 Swiftness                Air            0%         N/A       88%         3
 Dimensional Bullseye     Hex/Tloc       0%         N/A       99%         4


Dungeon Overview and Level Annotations

Branches:
Dungeon (5/15)             Temple (0/1) D:4           Sewer (visited)

Altars:
Dithmenos
Gozag
Ru
Yredelemnul

Shops:
D:3 (((

Annotations:
D:5 dragonking145's ghost, weakling FoDe


Innate Abilities, Weirdness & Mutations

Your spellcasting is much less encumbered by armour.
You can use scrolls of enchantment on lesser artefacts.


Message History

A howler monkey comes into view.
The howler monkey howls!
You hear a shout!
A two-headed ogre comes into view. It is wielding two +0 giant clubs.
The two-headed ogre shouts in stereo!
An ogre comes into view. It is wielding a +0 giant spiked club.
You closely miss the howler monkey.
The howler monkey hoots and howls with incredible vigour!
You hear an angry hiss. x3
You barely miss the howler monkey. The howler monkey barely misses you.
You barely miss the howler monkey. The howler monkey barely misses you.
The howler monkey attacks as it pursues you!
The howler monkey closely misses you.
The adder hisses angrily.
An ogre comes into view. It is wielding a +0 giant club.
The howler monkey hits you but does no damage.
The howler monkey hoots and howls with incredible vigour!
You hear an angry hiss. x2
You slash the howler monkey!
The howler monkey is almost dead.
You block the howler monkey's attack.
You slash the two-headed ogre!
The two-headed ogre is moderately wounded.
The howler monkey hoots and howls with incredible vigour!
You hit the two-headed ogre.
The two-headed ogre is moderately wounded.
The howler monkey hoots and howls with incredible vigour!
The two-headed ogre hits you with a +0 giant club!
The two-headed ogre hits you with a +0 giant club!!
You hit the two-headed ogre.
The two-headed ogre is heavily wounded.
You slash the two-headed ogre!
The two-headed ogre is severely wounded.
The two-headed ogre hits you with a +0 giant club.
The two-headed ogre hits you with a +0 giant club!
* * * LOW HITPOINT WARNING * * *
You barely miss the two-headed ogre.
The two-headed ogre is severely wounded.
The two-headed ogre hits you with a +0 giant club!
You die...
Your body crumbles into a pile of gold.

.###..# ...#..##..# ..
##.......# ....#...#.#.
##.####.... ....#ß.#...#. ###.#
... ###.#..##S......## ....#
...###..# ...#########. ....#
##........# ...........
###..###.........# ..... ...
##..#..... #@# ##..# ..#
.......# #O####..###.##
#####......#####hO.O.O......#
............#...O...O.......#
...............###..###.........
........###..### ##..####.......
........##...# ##..# .......
........##...# #... .......
....###..#..## #.##.......


You could see a two-headed ogre, 2 ogres and a howler monkey (catching breath).

Vanquished Creatures
  An ice beast (D:5)
  A black bear (D:4)
  2 bullfrogs (Sewer)
  2 water moccasin zombies (D:4)
  A bombardier beetle (D:3)
  Crazy Yiuf (D:3)
  A hound (D:5)
  Jessica (D:3)
  2 iguanas
  Ijyb (D:3)
  A scorpion zombie (D:4)
  10 gnolls
  9 adders
  A river rat (D:3)
  13 dart slugs
  3 ribbon worms
  3 orcs
  15 endoplasms
  16 giant cockroaches
  30 goblins
  21 hobgoblins
  6 jackals (D:1)
  3 quokkas
  13 ball pythons
  4 bats
  18 frilled lizards
  8 kobolds
  A quokka zombie (D:4)
  4 rats
192 creatures vanquished.

Notes
Turn   | Place    | Note
-------+----------+-------------------------------------------
     0 | D:1      | GiantSquids the Mountain Dwarf Fighter began the quest for
                  | the Orb.
     0 | D:1      | Reached XP level 1. HP: 19/19 MP: 1/1
   192 | D:1      | Reached skill level 3 in Axes
   194 | D:1      | Reached XP level 2. HP: 26/26 MP: 2/2
   330 | D:1      | Reached skill level 4 in Axes
   614 | D:2      | Identified the ring "Iweenuj" {Fly rPois rC+ rN+ Str-2
                  | Int+3}
   667 | D:2      | Reached XP level 3. HP: 30/31 MP: 3/3
   955 | D:2      | Found an opulent altar of Gozag.
   976 | D:2      | Became a worshipper of Gozag Ym Sagoz the Greedy
  1121 | D:2      | Reached skill level 5 in Axes
  1416 | D:3      | Reached XP level 4. HP: 4/38 MP: 4/4
  1475 | D:3      | Noticed Ijyb
  1522 | D:3      | Killed Ijyb
  1564 | D:3      | Found Kessirche's Antique Weapon Shoppe.
  1583 | D:3      | Found Viyxtiy's Antique Weapon Shop.
  1585 | D:3      | Found Sifec's Weapon Boutique.
  1648 | D:3      | Reached skill level 6 in Axes
  1652 | D:3      | Found a glowing drain.
  1667 | Sewer    | Entered a sewer
  1767 | Sewer    | Reached XP level 5. HP: 45/45 MP: 5/5
  1957 | Sewer    | Reached skill level 7 in Axes
  2071 | Sewer    | Reached XP level 6. HP: 36/51 MP: 6/6
  2091 | Sewer    | Identified the +0 leather armour "Leorem" {rCorr}
  2103 | Sewer    | Reached skill level 8 in Axes
  2622 | D:3      | Found a runed translucent door.
  2623 | D:3      | Noticed Crazy Yiuf
  3026 | D:3      | Noticed Jessica
  3032 | D:3      | Killed Jessica
  3038 | D:3      | Reached skill level 9 in Axes
  3153 | D:3      | Reached XP level 7. HP: 53/57 MP: 7/7
  3562 | D:3      | Killed Crazy Yiuf
  3902 | D:4      | Reached skill level 10 in Axes
  4169 | D:4      | Found a basalt altar of Yredelemnul.
  4364 | D:4      | Found a shadowy altar of Dithmenos.
  4517 | D:4      | Found a sacrificial altar of Ru.
  4754 | D:4      | Found a staircase to the Ecumenical Temple.
  5005 | D:5      | Entered Level 5 of the Dungeon
  5019 | D:5      | Reached skill level 11 in Axes
  5019 | D:5      | Reached XP level 8. HP: 63/63 MP: 8/8
  5120 | D:5      | Identified the maw talisman "Binge" {Str+3}
  5273 | D:5      | Noticed a two-headed ogre
  5280 | D:5      | Noticed dragonking145's ghost (weakling FoDe)
  5294 | D:5      | Slain by a two-headed ogre

Illustrated notes

Levels and vault maps discovered:
D:1:      dpeg_arrival_radiant, layout_basic
D:2:      layout_loops_cross, basic_altar
D:3:      minmay_goblin_kobold_castle, layout_rooms, portal_sewer_entry_e,
          serial_shops, nicolae_shop_waterfront, shop, shop,
          minmay_misc_feat_plants, uniq_ijyb, uniq_jessica,
          uniq_crazy_yiuf_cottage
D:4:      layout_layer_cave, kennysheep_mini_moat,
          nicolae_yredelemnul_corpse_copse, overflow_temple_1_default,
          minmay_temple_entry_fiery
D:5:      layout_layer_cave, nicolae_sif_muna_condensation,
          gammafunk_ghost_arena, hangedman_abyss_or_decor_lesser_grid

Skill      XL: |  1  2  3  4  5  6  7 |
---------------+----------------------+-----
Axes           | 3 4 5 6 7 9 11 | 11.4
Fighting       | |  3.2
Armour         | |  3.2
Shields        | |  3.2

Action                     |  1- 3 |  4- 6 |  7- 9 || total
---------------------------+-------+-------+-------++-------
  Melee: War axe           |   116 |   280 |   161 ||   557
 Invoke: Potion Petition   |       |       |     1 ||     1
    Use: Potion            |       |     1 |       ||     1
   Stab: Distracted        |       |       |     1 ||     1
 Armour: Scale mail        |   116 |   204 |   121 ||   441
  Dodge: Dodged            |    71 |   105 |    61 ||   237
  Block: Buckler           |    32 |    48 |    36 ||   116

Table legend: (Time is in decaauts)
 A = Elapsed time spent in this place.
 B = Non-inter-level travel time spent in this place.
 C = Inter-level travel time spent in this place.
 D = Time resting spent in this place.
 E = Time spent auto-exploring this place.
 F = Levels seen in this place.
 G = Mean time per level.
                   A        B        C        D        E       F      G
               +--------+--------+--------+--------+--------+-----+--------+
         Total |   5453 |   5332 |    121 |    385 |   3289 |   6 |  908.8 |
       Dungeon |   4647 |   4526 |    121 |    100 |   3289 |   5 |  929.4 |
         Sewer |    805 |    805 |      0 |    285 |      0 |   1 |  805.0 |
               +--------+--------+--------+--------+--------+-----+--------+

Top non-repeatable levels by time:
     D:3: 1687 daAuts
     D:4: 1287 daAuts
   Sewer: 805 daAuts
     D:2: 762 daAuts
     D:1: 623 daAuts
     D:5: 287 daAuts
